AoeStats
← CNZS_98T

African Clearing

506403653Analyzed
4v4 RM · 18d ago on Sep 13, 2026· 36m 54s· 8 players
Game mode
Random Map
Map size
Large (8 player)
Population
200
Speed
Normal
Resources
Standard
Victory
Conquest
Starting age
Dark Age
Ending age
Imperial Age
RankedLock teamsTeams togetherTeam positionsShared explorationLock speedFull tech treeHidden civsTurbo modeCheats
Victory
Defeat
🇹🇷 Khmer · Türkiye
2097
+8
🇹🇷 Japanese · Türkiye
2002
+11
🇨🇿 Malians · Czechia
1980
+12
🇺🇸 Portuguese · United States
1969
+12
🇨🇳 Burmese · China
1928
-12
🇳🇱 Khitans · Netherlands
1915
-12
🇨🇳 Hindustanis · China
1871
-10
🇮🇳 Shu · India
1838
-9
_LY_Yo
13:57 Feudal Age
14:58 Double-Bit Axe
17:27 Castle Age
15:57 Horse Collar
16:30 Loom
17:41 Town Watch
23:42 Wheelbarrow
27:56 Imperial Age
26:13 Bow Saw
26:27 Gold Mining
26:38 Heavy Plow
28:23 Hand Cart
29:44 Chemistry
28:46 Padded Archer Armor
35:46 Elite Skirmisher
36:20 Fletching
CNZS_98T
14:33 Feudal Age
18:06 Castle Age
16:25 Double-Bit Axe
16:58 Loom
17:00 Fishing Lines
20:07 Bow Saw
22:31 Gillnets
23:08 Fletching
24:49 Domestication
27:25 Ballistics
27:42 Wheelbarrow
34:25 Hand Cart
34:14 Light Cavalry
37:19 Forging
DK2
12:39 Feudal Age
11:03 Loom
13:44 Double-Bit Axe
16:14 Castle Age
17:04 Bow Saw
19:58 Horse Collar
25:41 Gold Mining
26:47 Wheelbarrow
25:57 Town Watch
27:03 Heavy Plow
32:13 Imperial Age
31:11 Fletching
32:06 Coiled Serpent Array
32:22 Scale Mail Armor
32:32 Forging
31:44 Pikeman
32:24 Squires
32:48 Bodkin Arrow
32:57 Crossbowman
35:22 Chemistry
34:47 Conscription
34:47 Thumb Ring
35:34 Halberdier
37:18 Chain Mail Armor
_LY_lyx
14:05 Feudal Age
13:04 Loom
15:31 Fishing Lines
18:11 Castle Age
17:03 Town Watch
18:22 Gold Mining
18:59 Gillnets
23:48 Wheelbarrow
24:41 Padded Archer Armor
25:51 Ballistics
26:59 Hand Cart
27:18 Bloodlines
27:07 Horse Collar
28:32 Heavy Plow
33:51 Imperial Age
31:43 Husbandry
34:07 Fortified Wall
34:02 Elite Arambai
36:14 Chemistry
Savage
11:59 Feudal Age
14:41 Castle Age
12:40 Double-Bit Axe
15:41 Bow Saw
18:46 Horse Collar
19:24 Heavy Plow
21:01 Town Watch
22:24 Wheelbarrow
21:41 Loom
24:04 Hand Cart
23:47 Gold Mining
29:13 Imperial Age
27:34 Scale Barding Armor
28:14 Bloodlines
28:05 Husbandry
28:43 Chain Barding Armor
28:34 Forging
30:38 Plate Barding Armor
29:45 Cavalier
33:38 Iron Casting
35:45 Blast Furnace
36:33 Heavy Scorpion
ELEOS | Danielsiii
13:34 Feudal Age
17:26 Castle Age
16:26 Double-Bit Axe
17:29 Horse Collar
18:46 Loom
27:24 Wheelbarrow
27:26 Squires
28:48 Hand Cart
29:09 Scale Mail Armor
30:46 Chain Mail Armor
31:10 Forging
32:04 Gold Mining
33:22 Masonry
37:18 Imperial Age
35:18 Scale Barding Armor
35:49 Iron Casting
35:18 Husbandry
Bel
12:26 Loom
14:37 Feudal Age
18:53 Castle Age
17:40 Fishing Lines
17:51 Double-Bit Axe
19:13 Fletching
19:26 Gillnets
20:23 Bow Saw
20:57 Bodkin Arrow
22:40 Padded Archer Armor
23:20 Husbandry
24:58 Bloodlines
25:31 Gold Mining
28:50 Ballistics
30:48 Horse Collar
31:45 Wheelbarrow
30:55 Town Watch
31:34 Redemption
33:59 Sanctity
35:13 Hand Cart
38:12 Imperial Age
37:00 Leather Archer Armor
BoyWonder_
12:21 Feudal Age
11:40 Loom
12:36 Loom
13:45 Double-Bit Axe
16:15 Castle Age
15:03 Fletching
16:22 Gold Mining
16:55 Bodkin Arrow
22:47 Wheelbarrow
23:56 Town Watch
25:11 Stone Mining
26:59 Hand Cart
29:42 Imperial Age
27:44 Padded Archer Armor
28:45 Gold Shaft Mining
30:21 Ballistics
30:25 Bracer
31:26 Chemistry
32:55 Bloodlines
32:45 Husbandry
33:58 Kataparuto
34:30 Thumb Ring
37:00 Parthian Tactics
Connection lost

Rejoining the realm…

Still unreachable

The connection could not be restored.

Session expired

The server has moved on; the page needs a fresh start.